cohdb
Replays
Latest Replays
All Replays
Popular Replays
Top Player Replays
Match Explorer
How It Works
Community
CoH3 Stats
Reddit
Sign in to upload your games and track your stats! →
Sign in with Steam
Match 30057966
Unlisted
Match 30057966
Overview
Messages
Build Orders
End
Panzergrenadier Squad
Panzergrenadier Squad
250 Light Carrier
Panzergrenadier Squad
Selects Italian Infantry
Construct Light Support Kompanie
Fire Support Elements
Selects Guastatori Squad
Flakvierling Half-track
2.5-tonne Medical Truck
Selects Registered Artillery
Veteran Squad Leaders
MG34 Team
Wittman
DooWop
mayomeyo
_Steven_
Lordsvett
LORDPIGG
Mackis
lordlat
0
0
Comments
sign in to comment!
No comments posted yet!